AoeStats
← Grafenstein

Arabia

509405102Analyzed
1v1 RM · 6d ago on Sep 26, 2026· 53m 52s· 2 players
Game mode
Random Map
Map size
Tiny (2 player)
Population
200
Speed
Normal
Resources
Standard
Victory
Conquest
Starting age
Dark Age
Ending age
Imperial Age
RankedLock teamsTeams togetherTeam positionsShared explorationLock speedFull tech treeHidden civsTurbo modeCheats
Victory
Defeat
🇷🇺 Koreans · Russia
1228
+18
🇩🇪 Burmese · Germany
1266
-18
Grafenstein
7:17 Loom
9:36 Feudal Age
13:54 Horse Collar
21:52 Castle Age
22:36 Squires
22:25 Pikeman
24:02 Forging
23:58 Scale Mail Armor
25:47 Chain Mail Armor
36:39 Imperial Age
35:57 Wheelbarrow
38:27 Ballistics
38:55 Guilds
39:53 Plate Mail Armor
39:14 Fletching
39:25 Padded Archer Armor
38:49 Elite Skirmisher
41:10 Hand Cart
41:08 Scale Barding Armor
41:14 Forging
41:12 Bodkin Arrow
42:52 Illumination
42:14 Town Watch
45:31 Bloodlines
44:46 Halberdier
46:36 Conscription
47:42 Light Cavalry
52:10 Chemistry
51:45 Chain Barding Armor
53:25 Heavy Plow
_Rasta_
7:03 Loom
10:11 Feudal Age
11:43 Double-Bit Axe
16:45 Wheelbarrow
20:51 Castle Age
19:14 Horse Collar
19:38 Gold Mining
19:53 Town Watch
20:28 Forging
21:06 Fletching
22:43 Husbandry
22:57 Bodkin Arrow
26:04 Hand Cart
28:28 Thumb Ring
33:07 Bow Saw
33:02 Heavy Plow
36:01 Town Patrol
40:20 Imperial Age
39:50 Town Patrol
41:38 Conscription
41:04 Capped Ram
42:36 Man-at-Arms
43:17 Scale Mail Armor
43:53 Iron Casting
43:19 Bracer
43:23 Long Swordsman
44:09 Scale Barding Armor
44:20 Chain Mail Armor
44:30 Elite Skirmisher
45:35 Ballistics
46:15 Chemistry
44:38 Two-Handed Swordsman
45:26 Champion
47:37 Treadmill Crane
50:47 Plate Mail Armor
49:42 Light Cavalry
51:51 Chain Barding Armor
50:53 Hussar
Connection lost

Rejoining the realm…

Still unreachable

The connection could not be restored.

Session expired

The server has moved on; the page needs a fresh start.